 Dungeon Crawl Stone Soup version 0.13.0-11-g0187522 (webtiles) character file.

126 HungrySpirit the Gusty (level 3, -1/25 (26) HPs)
             Began as a Ghoul Air Elementalist on Oct 18, 2013.
             Slain by an adder (2 damage)
             ... on Level 2 of the Dungeon.
             The game lasted 00:02:37 (1534 turns).

HungrySpirit the Gusty (Ghoul Air Elementalist)     Turns: 1534, Time: 00:02:37

HP  -1/25 (26)   AC  3     Str 12      XL: 3   Next: 12%
MP   5/5         EV 11     Int 10      God:
Gold 98          SH  5     Dex  9      Spells:  1 memorised,  3 levels left

Res.Fire  : . . .   See Invis. : .   e - -1,+0 orc short sword
Res.Cold  : + . .   Warding    : .   a - +0 robe
Life Prot.: + + +   Conserve   : .   m - +0 buckler
Res.Poison: +       Res.Corr.  : .   d - +0 helmet
Res.Elec. : .       Clarity    : .   (no cloak)
Sust.Abil.: . .     Spirit.Shd : .   (no gloves)
Res.Mut.  : .       Stasis     : .   (no boots)
Res.Rott. : +       Flight     : .   (no amulet)
Saprovore : + + +                    (no ring)
                                     (no ring)

@: rotting, not resistant to hostile enchantments, unstealthy
A: rotting body, claws 1, carnivore 3, cold resistance 1, life protection 3,
poison resistance, saprovore 3, slow healing 1, torment resistance, unbreathing
a: no special abilities


You were on level 2 of the Dungeon.
You were not hungry.

You visited 1 branch of the dungeon, and saw 2 of its levels.

You collected 78 gold pieces.

Inventory:

Hand weapons
 e - a -1,+0 orcish short sword (weapon)
Armour
 a - a +0 robe (worn)
 d - a +0 helmet (worn)
 m - a +0 buckler (worn)
Scrolls
 g - a scroll of blinking {unknown}
 h - 2 scrolls of remove curse {unknown}
 i - 2 scrolls of identify {unknown}
 k - a scroll of curse jewellery {unknown}
Potions
 c - a potion of restore abilities {unknown}
 f - a potion of heal wounds {unknown}
 j - 2 potions of curing {unknown}
Books
 b - a book of Air

   Spells                             Type                      Level
   *Shock                             Conjuration/Air              1
   Swiftness                          Charms/Air                   2
   Repel Missiles                     Charms/Air                   2
   Flight                             Charms/Air                   3
   Static Discharge                   Conjuration/Air              3
   Lightning Bolt                     Conjuration/Air              5


   Skills:
 * Level 2.3 Fighting
 + Level 1.1 Armour
 - Level 1.7 Dodging
 - Level 2.1 Stealth
 - Level 1.0 Spellcasting
 - Level 0.7 Conjurations
 - Level 2.4 Air Magic


You had 3 spell levels left.
You knew the following spells:

 Your Spells              Type           Power        Failure   Level  Hunger
a - Shock                 Conj/Air       #...         24%         1    ##.....


Dungeon Overview and Level Annotations

Branches:
Dungeon (2/27)

Altars:


Innate Abilities, Weirdness & Mutations

Your body is rotting away.
You have sharp fingernails.
You are carnivorous and can eat meat at any time.
Your flesh is cold resistant.
You are immune to negative energy.
Your system is resistant to poisons.
You thrive on rotten meat.
You heal slowly.
You are immune to unholy pain and torment.
You can survive without breathing.


Message History

You miss the adder.
The adder is moderately wounded.
The adder bites you.
* * * LOW HITPOINT WARNING * * *
The jackal misses you.
You hit the adder.
The adder is heavily wounded.
The adder barely misses you. The jackal barely misses you.
The jackal barely misses you. The adder bites you.
* * * LOW HITPOINT WARNING * * *
You miss the adder.
The adder is heavily wounded.
The jackal closely misses you. The adder bites you.
* * * LOW HITPOINT WARNING * * *
You aren't carrying any food.
You aren't carrying any food.
You closely miss the adder.
The adder is heavily wounded.
The jackal barely misses you. The adder bites you.
You die...

. b.. #.# #.# #.#
#.# #.# #
#######.#####..?.#
........hh@S......#
#######.#####....#
#.# . #<# #h# #.#
#.# ... ...


You could see an adder and 2 jackals.

Vanquished Creatures
  2 bats (D:1)
  5 goblins (D:1)
  4 hobgoblins (D:1)
  4 kobolds
  4 giant newts (D:1)
  3 jackals (D:2)
  6 rats (D:1)
28 creatures vanquished.

Notes
Turn   | Place    | Note
--------------------------------------------------------------
     0 | D:1      | HungrySpirit, the Ghoul Air Elementalist, began the quest for the Orb.
     0 | D:1      | Reached XP level 1. HP: 14/14 MP: 3/3
   624 | D:1      | Reached skill level 1 in Fighting
   784 | D:1      | Reached XP level 2. HP: 17/17 MP: 4/4
  1033 | D:1      | Reached skill level 1 in Armour
  1326 | D:1      | Reached XP level 3. HP: 16/26 MP: 5/5
  1533 | D:2      | HP: 1/25 [adder (1)]
  1534 | D:2      | Slain by an adder

Action                   || total
-------------------------++-------
Melee: Short sword       ||   117
       Unarmed           ||     1
 Stab: Sleeping          ||     1
